 Dungeon Crawl Stone Soup version 0.32-a0-314-g526f7d4993 (webtiles) character file.

Game seed: 2092357119325833298

30028 Amplified the Cleaver (level 13, -2/119 HPs)
             Began as a Mountain Dwarf Monk on Feb 16, 2024.
             Was an Elder of the Shining One.
             Slain by an orc warrior
             ... wielding a +0 halberd
              (23 damage)
             ... on level 2 of the Orcish Mines.
             The game lasted 00:18:23 (16621 turns).

Amplified the Cleaver (Mountain Dwarf Monk)        Turns: 16621, Time: 00:18:24

Health: -2/119     AC: 15    Str: 19    XL:     13   Next: 18%
Magic:  23/23      EV:  8    Int: 11    God:    the Shining One [****..]
Gold:   1193       SH: 23    Dex: 12    Spells: 12/12 levels left

rFire   . . .        o - +5 broad axe (flame)
rCold   + . .        h - +0 kite shield
rNeg    + + .        f - +3 chain mail {rC+}
rPois   +            (no helmet)
rElec   .            (no cloak)
rCorr   .            g - +0 pair of gloves
SInv    .            a - +0 pair of boots
Will    +....        d - amulet of faith Stlth
                     k - ring of poison resistance
HPRegen 0.39/turn    (no ring)
MPRegen 0.18/turn

%: faith
@: divinely shielded, glowing
A: runic magic, artefact enchanting
a: Renounce Religion, Divine Shield, Cleansing Flame


You were on level 2 of the Orcish Mines.
You worshipped the Shining One.
The Shining One was greatly pleased with you.
You visited 3 branches of the dungeon, and saw 18 of its levels.
You visited the Abyss 1 time.
You also visited: Sewer.

You collected 1193 gold pieces.

Inventory:

Hand Weapons
 o - a +5 broad axe of flaming (weapon)
Armour
 a - a +0 pair of boots (worn)
 f - a +3 chain mail of cold resistance (worn)
 g - a +0 pair of gloves (worn)
 h - a +0 kite shield (worn)
 v - +0 acid dragon scales
Jewellery
 d - an amulet of faith (around neck)
 k - a ring of poison resistance (left hand)
Wands
 n - a wand of paralysis (21)
 r - a wand of digging (6)
 x - a wand of flame (22)
Scrolls
 m - 3 scrolls of vulnerability
 p - 2 scrolls of amnesia
 w - 4 scrolls of identify
 y - 3 scrolls of immolation
 z - a scroll of enchant armour
Potions
 b - 2 potions of cancellation
 c - a potion of ambrosia
 e - 3 potions of attraction
 i - 6 potions of enlightenment
 q - a potion of brilliance
 u - 2 potions of mutation
Miscellaneous
 l - a box of beasts
 A - a phial of floods


   Skills:
 * Level 12.8 Fighting
 * Level 14.0 Axes
 * Level 5.4 Armour
 - Level 2.4 Dodging
 * Level 12.1 Shields
 * Level 13.3 Invocations


You had 12 spell levels left.
You didn't know any spells.
Your spell library contained the following spells:

 Spells                   Type           Power      Damage    Failure   Level
 Call Imp                 Summ           0%         N/A       85%         2
 Ensorcelled Hibernation  Hex/Ice        0%         N/A       85%         2
 Jinxbite                 Hex            0%         N/A       85%         2
 Lesser Beckoning         Tloc           0%         N/A       85%         2
 Static Discharge         Conj/Air       0%         3-3/arc   85%         2
 Sublimation of Blood     Necr           0%         N/A       85%         2
 Fugue of the Fallen      Necr           0%         N/A       97%         3
 Summon Ice Beast         Ice/Summ       0%         N/A       97%         3
 Anguish                  Hex/Necr       0%         N/A       100%        4
 Cause Fear               Hex            0%         N/A       100%        4
 Summon Blazeheart Golem  Fire/Summ      0%         N/A       100%        4
 Summon Mana Viper        Hex/Summ       0%         N/A       100%        5
 Enfeeble                 Hex            0%         N/A       100%        7
 Monstrous Menagerie      Summ           0%         N/A       100%        7
 Orb of Destruction       Conj           0%         9d5       100%        7
 Spellforged Servitor     Conj/Summ      0%         N/A       100%        7
 Summon Hydra             Summ           0%         N/A       100%        7


Dungeon Overview and Level Annotations

Branches:
Dungeon (15/15)            Temple (1/1) D:4            Lair (0/5) D:11
    Orc (2/2) D:10            Elf (0/3) Orc:2        Vaults (0/5) D:14
 Depths (0/4) D:15          Sewer (visited)

Altars:
Ashenzari
Cheibriados
Dithmenos
Elyvilon
Fedhas
Gozag
Hepliaklqana
Kikubaaqudgha
Makhleb
Nemelex Xobeh
Okawaru
Qazlal
Ru
Sif Muna
Trog
Uskayaw
Vehumet
Wu Jian
Xom
Yredelemnul
Zin
The Shining One

Shops:
D:1 [   D:6 [   D:8 [   D:10 (   Orc:1 (

Annotations:
D:7 3 runed translucent doors, Struensee's ghost, novice MiBe
D:8 2 transporters, mojasp's ghost, novice TeAE
D:12 2 transporters, EC1's ghost, journeyman MiFi
D:13 1 runed translucent door, Waro's ghost, journeyman DjFE
D:15 2 transporters, Hiesugao's ghost, journeyman DrMo
Orc:2 1 transporter, Snorg; temujin's ghost, adept HuFi


Innate Abilities, Weirdness & Mutations

Your spellcasting is much less encumbered by armour.
You can use scrolls of enchantment on lesser artefacts.


Message History

An orc and an orc warrior come into view.
The orc warrior shouts! x2; You hear a shout!
The orc knight shoots a bolt.
You block the bolt.
The orc warrior shoots an arrow.
You block the arrow.
The orc shoots an arrow.
You block the arrow.
The orc warrior shoots an arrow.
The arrow hits you.
* * * LOW HITPOINT WARNING * * *
Unknown command.
You block the orc warrior's attack.
An orc warrior comes into view. It is wielding a +0 orcbow.
The orc warrior shoots an arrow.
You block the arrow.
Unknown command.
You block the orc warrior's attack.
The orc warrior shoots an arrow.
You block the arrow.
The orc warrior shoots an arrow.
You block the arrow.
Unknown command.
Unknown command.
The orc warrior shoots an arrow.
The arrow barely misses you.
The orc warrior shoots an arrow.
You block the arrow.
Unknown command.
Unknown command.
The orc warrior shoots an arrow.
You block the arrow.
Unknown command.
Unknown command.
Okay, then.
Okay, then.
Unknown command.
Okay, then.
Unknown command.
Okay, then.
The orc warrior shoots an arrow.
You block the arrow.
Unknown command.
Unknown command.
The orc warrior shoots an arrow.
You block the arrow.
The orc knight roars a battlecry!
The orc warriors go into a battle-frenzy!
Unknown command.
Unknown command.
Unknown command.
The orc warrior attacks as it pursues you!
The orc warrior hits you from afar with a +0 halberd!!
You die...

.........o#.oo.......≈
........o.##o.........≈≈
.........oo##.o##..##...
........$o.o............
........................
........o...............
............o.........
......................
..............@.......
.....................
....................
...................
..................
.................
.#.#..#..#....#.
##############


You could see an orc knight and 6 orc warriors.

Vanquished Creatures
  An ironbound preserver (D:14)
  Nessos (D:12)
  An ettin (D:15)
  A great orb of eyes (D:14)
  A hydra (D:14)
  A two-headed ogre (D:12)
  2 centaur warriors
  3 boulder beetles
  3 tengu warriors
  An occultist (D:14)
  A hell knight (D:15)
  A death drake (shapeshifter) (D:11)
  A necromancer (D:15)
  A harpy (shapeshifter) (D:14)
  2 deep elf pyromancers (D:14)
  A cyclops (D:12)
  3 manticores
  A black mamba (shapeshifter) (D:14)
  Joseph (D:9)
  A cane toad (D:11)
  An unseen horror (D:13)
  A gargoyle (D:11)
  Maggie (D:8)
  A freezing wraith (D:14)
  A yaktaur (D:14)
  Psyche (D:9)
  3 trolls
  A red devil (D:9)
  3 raiju (Abyss:3)
  A blink frog (D:11)
  11 slime creatures
  2 shadows
  2 wraiths
  3 wyverns
  A basilisk (D:11)
  9 yaks
  A fire bat (D:5)
  12 vampire mosquitoes
  2 steam dragons
  An acid dragon (D:14)
  A water moccasin (D:8)
  11 orc warriors
  3 ice beasts
  A black bear (D:4)
  A sky beast (D:7)
  A black bear (shapeshifter) (D:13)
  2 laughing skulls (D:15)
  3 ogres
  An ogre (shapeshifter) (D:13)
  4 centaurs
  A phantom (D:7)
  6 kobold brigands
  A bullfrog (D:11)
  2 gnoll sergeants
  3 scorpions
  8 wights
  5 jellies
  A howler monkey (D:11)
  A bombardier beetle (D:4)
  2 quasits (D:7)
  8 orc priests
  2 hounds (D:7)
  Jessica (D:2)
  Terence (D:2)
  2 iguanas
  Natasha (thrice) (D:3)
  20 orc wizards
  16 adders
  8 gnolls
  A river rat (Sewer)
  6 shadow imps (D:7)
  5 white imps (D:7)
  9 ufetubi
  5 dart slugs
  5 ribbon worms
  53 orcs
  10 endoplasms
  8 giant cockroaches
  5 goblins
  8 hobgoblins
  9 jackals
  4 quokkas
  4 ball pythons
  4 bats (D:2)
  6 frilled lizards
  29 kobolds
  8 rats
384 creatures vanquished.

Vanquished Creatures (others)
  An orc sorcerer (Abyss:3)
1 creature vanquished.

Grand Total: 385 creatures vanquished

Notes
Turn   | Place    | Note
-------+----------+-------------------------------------------
     0 | D:1      | Amplified the Mountain Dwarf Monk began the quest for the
                  | Orb.
     0 | D:1      | Reached XP level 1. HP: 19/19 MP: 1/1
    41 | D:1      | Noticed an animated pearl dragon scales
    43 | D:1      | Found Myinajio's Armour Boutique.
    45 | D:1      | Noticed an animated plate armour
    63 | D:1      | Reached XP level 2. HP: 11/26 MP: 2/2
   166 | D:1      | Reached skill level 4 in Axes
   323 | D:1      | Reached XP level 3. HP: 33/33 MP: 3/3
  1359 | D:2      | Reached skill level 1 in Shields
  1359 | D:2      | Reached XP level 4. HP: 40/40 MP: 4/4
  1530 | D:2      | Noticed Jessica
  1536 | D:2      | Killed Jessica
  1613 | D:2      | Reached skill level 5 in Axes
  1768 | D:2      | Reached XP level 5. HP: 47/47 MP: 5/5
  2035 | D:2      | Noticed Terence
  2055 | D:2      | Killed Terence
  2286 | D:3      | Reached skill level 5 in Fighting
  2620 | D:3      | Found a faded altar of an unknown god.
  2626 | D:3      | Reached XP level 6. HP: 46/56 MP: 6/6
  2672 | D:3      | Found a glowing drain.
  2711 | Sewer    | Entered a sewer
  2949 | Sewer    | Found a glowing silver altar of Zin.
  3039 | D:3      | Reached skill level 6 in Axes
  3117 | D:3      | Noticed Natasha
  3121 | D:3      | Killed Natasha
  3153 | D:3      | Noticed Natasha
  3168 | D:3      | Killed Natasha
  3359 | D:3      | Noticed Natasha
  3367 | D:3      | Killed Natasha
  3466 | D:4      | Reached XP level 7. HP: 37/62 MP: 7/7
  3752 | D:4      | Found a staircase to the Ecumenical Temple.
  3760 | Temple   | Entered the Ecumenical Temple
  3765 | Temple   | Became a worshipper of the Shining One
  3765 | Temple   | Reached * piety under the Shining One
  3765 | Temple   | Reached ** piety under the Shining One
  3956 | D:4      | Reached skill level 1 in Invocations
  4400 | D:5      | Entered Level 5 of the Dungeon
  4660 | D:5      | Reached skill level 7 in Axes
  4797 | D:5      | Found a shimmering altar of Xom.
  4798 | D:5      | Noticed a fire bat
  4803 | D:5      | Killed a fire bat
  4804 | D:5      | Reached skill level 5 in Shields
  4804 | D:5      | Reached XP level 8. HP: 28/71 MP: 8/10
  5998 | D:6      | Reached skill level 8 in Axes
  6319 | D:6      | Found Ybakakar's Armour Emporium.
  6365 | D:6      | Identified a scroll of acquirement
  6365 | D:6      | Acquired a +4 broad axe of flaming
  6505 | D:6      | Found a snail-covered altar of Cheibriados.
  6507 | D:6      | Found a hide-covered altar of Uskayaw.
  6508 | D:6      | Found a hazy altar of Hepliaklqana.
  6510 | D:6      | Found an ancient bone altar of Kikubaaqudgha.
  6510 | D:6      | Found a white marble altar of Elyvilon.
  6536 | D:6      | Reached skill level 5 in Invocations
  6583 | D:6      | Reached XP level 9. HP: 72/79 MP: 11/13
  6763 | D:7      | Reached *** piety under the Shining One
  6797 | D:7      | Found a sacrificial altar of Ru.
  6921 | D:7      | Reached skill level 9 in Axes
  7026 | D:7      | Found an opulent altar of Gozag.
  7027 | D:7      | Reached **** piety under the Shining One
  7076 | D:7      | Found a runed translucent gate.
  7076 | D:7      | Found a runed translucent gate.
  7080 | D:7      | Found a runed translucent gate.
  7081 | D:7      | Noticed Struensee's ghost (novice MiBe)
  7856 | D:8      | Noticed Maggie
  7877 | D:8      | Killed Maggie
  7955 | D:8      | Found Kura Qas's Armour Emporium.
  8005 | D:8      | Reached XP level 10. HP: 91/91 MP: 15/15
  8055 | D:8      | Noticed a moth of wrath
  8055 | D:8      | Noticed mojasp's ghost (novice TeAE)
  8055 | D:8      | Found the +3 pair of mountain boots {steadfast, rC+}
  8057 | D:8      | Found a transporter.
  8094 | D:8      | Found a transporter.
  8285 | D:8      | Found a shadowy altar of Dithmenos.
  8465 | D:9      | Found a shimmering blue altar of Sif Muna.
  8477 | D:9      | Reached skill level 10 in Axes
  8509 | D:9      | Found a burning altar of Makhleb.
  8647 | D:9      | Noticed Psyche
  8657 | D:9      | Killed Psyche
  8870 | D:9      | Reached ***** piety under the Shining One
  9262 | D:9      | Noticed Joseph
  9276 | D:9      | Killed Joseph
  9397 | D:9      | Reached skill level 10 in Fighting
  9668 | D:10     | Entered Level 10 of the Dungeon
 10100 | D:10     | Reached skill level 11 in Axes
 10467 | D:10     | Found a staircase to the Orcish Mines.
 10498 | D:10     | Found Lotuimel's Weapon Boutique.
 11080 | D:11     | Noticed a cane toad
 11096 | D:11     | Reached XP level 11. HP: 80/101 MP: 15/18
 11119 | D:11     | Reached skill level 10 in Invocations
 11225 | D:11     | Found a staircase to the Lair.
 11525 | D:11     | a hornet changed into a death drake
 11525 | D:11     | Noticed a death drake (shapeshifter)
 11527 | D:11     | Killed a death drake
 11615 | D:11     | Got The Secret Arts, Part Two
 11932 | D:12     | Reached skill level 10 in Shields
 12036 | D:12     | Noticed Nessos
 12057 | D:12     | Killed Nessos
 12058 | D:12     | Reached skill level 12 in Axes
 12352 | D:12     | Noticed a two-headed ogre
 12357 | D:12     | Killed a two-headed ogre
 12802 | D:12     | Noticed EC1's ghost (journeyman MiFi)
 12816 | D:12     | Found a transporter.
 12820 | D:12     | Found a transporter.
 12941 | D:13     | Noticed a boulder beetle
 12968 | D:13     | Killed a boulder beetle
 13076 | D:13     | Noticed a boulder beetle
 13091 | D:13     | Killed a boulder beetle
 13092 | D:13     | Reached XP level 12. HP: 97/111 MP: 18/20
 13306 | D:13     | Noticed Waro's ghost (journeyman DjFE)
 13311 | D:13     | Found a runed translucent door.
 13751 | D:14     | Noticed a boulder beetle
 13769 | D:14     | Killed a boulder beetle
 13770 | D:14     | Reached skill level 1 in Armour
 13895 | D:14     | Noticed a tengu warrior
 13902 | D:14     | Killed a tengu warrior
 13960 | Abyss:3  | Cast into level 3 of the Abyss (an occultist)
 14009 | Abyss:3  | Reached skill level 13 in Axes
 14014 | Abyss:3  | Noticed a tentacled starspawn
 14025 | D:14     | Escaped the Abyss
 14210 | D:14     | Noticed a great orb of eyes
 14234 | D:14     | Killed a great orb of eyes
 14247 | D:14     | Noticed an ironbound preserver
 14321 | D:14     | Noticed a four-headed hydra
 14500 | D:14     | Killed a one-headed hydra
 14564 | D:14     | Found a gate to the Vaults.
 14588 | D:14     | Killed an ironbound preserver
 14970 | D:14     | Noticed a centaur warrior
 14980 | D:14     | HP: 3/113 [centaur warrior/arrow (5)]
 15663 | D:15     | Entered Level 15 of the Dungeon
 15682 | D:15     | Noticed a tengu warrior
 15688 | D:15     | Noticed a tengu warrior
 15689 | D:15     | Noticed an ettin
 15699 | D:15     | Killed a tengu warrior
 15715 | D:15     | Killed an ettin
 15723 | D:15     | Reached XP level 13. HP: 40/119 MP: 1/22
 15727 | D:15     | Reached skill level 5 in Armour
 16024 | D:15     | Found a staircase to the Depths.
 16044 | D:15     | Found a transporter.
 16046 | D:15     | Found a transporter.
 16061 | D:15     | Noticed Hiesugao's ghost (journeyman DrMo)
 16062 | D:15     | Found a bloodstained altar of Trog.
 16062 | D:15     | Noticed an ettin
 16213 | Orc:1    | Entered Level 1 of the Orcish Mines
 16227 | Orc:1    | Found Uxoorus's Antique Weapon Boutique.
 16421 | Orc:2    | Entered Level 2 of the Orcish Mines
 16428 | Orc:2    | Found a transporter.
 16445 | Orc:2    | Noticed temujin's ghost (adept HuFi)
 16515 | Orc:2    | Found a staircase to the Elven Halls.
 16570 | Orc:2    | Noticed Snorg
 16588 | Orc:2    | The Shining One protects you from harm!
 16591 | Orc:2    | Reached skill level 14 in Axes
 16621 | Orc:2    | Slain by an orc warrior

Illustrated notes

Levels and vault maps discovered:
D:1:      dpeg_arrival_another_circle, layout_basic, serial_shops,
          nicolae_shop_mannequins
D:2:      layout_basic, uniq_terence, uniq_jessica
D:3:      layout_loops_ring, chequers_ecumenical_altar_simple_redux,
          cheibrodos_sewer_entry_bend, minmay_surrounded, uniq_natasha
D:4:      layout_gridville, minmay_temple_entry_grid, serial_forest,
          infiniplex_forest_clump_cross, infiniplex_forest_clump_medium,
          infiniplex_forest_clump_tiny, infiniplex_forest_end_3,
          infiniplex_forest_zigzag_2, infiniplex_forest_lined_corner,
          infiniplex_forest_lined_corner, infiniplex_forest_clump_tiny
D:5:      layout_layer_cave, regret_index_xom_of_box
D:6:      layout_loops_ring, grunt_temple_overflow_open, serial_shops, shop,
          serial_bayou_lake_a
D:7:      layout_loops_ring, nicolae_gozag_seed_capital,
          mainiacjoe_overflow_concentric_impassable, ebering_ghost_rock_garden,
          serial_demonic, serial_demonic_d, serial_demonic_d, serial_demonic_e,
          serial_demonic_a, serial_demonic_g, serial_demonic_c,
          serial_demonic_c, serial_demonic_c
D:8:      layout_loops_ring, mainiacjoe_overflow_alcove_4, serial_shops, shop,
          gammafunk_ghost_berserking_beasts, uniq_maggie
D:9:      layout_stronghold, mainiacjoe_overflow_paths,
          nicolae_sif_muna_condensation, einodemon_armed_red_devil_minivault,
          uniq_psyche, uniq_joseph
D:10:     layout_layer_cave, orc_david_3
D:11:     layout_loops_ring, dpeg_lair_monsters,
          minmay_fractal_squares_gapless_7
D:12:     layout_roguey, gammafunk_ghost_hive, uniq_nessos
D:13:     layout_irregular_city, hellmonk_ghost_happy_afterlife
D:14:     layout_long_grid, hellmonk_vaults_order_and_chaos, minmay_holes,
          minmay_shattered_shrine
D:15:     hangedman_depths_entry_civil_slaughter, layout_basic,
          gammafunk_ghost_wrathful_warriors, hangedman_decor_diamond_cutter
Temple:   minmay_freezing_vapour_temple
Orc:1:    layout_diamond_mine, serial_shops, shop
Orc:2:    st_orc_rangers, layout_diamond_mine, gammafunk_ghost_arena, uniq_snorg

Skill      XL: |  1  2  3  4  5  6  7  8  9 10 11 12 13 |
---------------+----------------------------------------+-----
Axes           | 4 5 6 7 8 9 11 12 13 14 | 14.0
Fighting       | 4 5 6 7 9 10 11 12 | 12.8
Shields        | 1 2 4 5 6 7 9 10 11 12 | 12.1
Invocations    | 2 5 7 9 11 13 | 13.3
Armour         | 4 5 |  5.4
Dodging        | |  2.4

Action                     |  1- 3 |  4- 6 |  7- 9 | 10-12 | 13-15 || total
---------------------------+-------+-------+-------+-------+-------++-------
  Melee: Hand axe          |    82 |       |       |       |       ||    82
         War axe           |    10 |   219 |   156 |       |       ||   385
         Broad axe         |       |       |   120 |   381 |    49 ||   550
  Throw: Dart              |       |       |       |     1 |       ||     1
 Invoke: Divine Shield     |       |       |     1 |    15 |     1 ||    17
         Cleansing Flame   |       |       |     3 |    22 |     1 ||    26
  Evoke: Wand              |       |       |     6 |     7 |     3 ||    16
    Use: Scroll            |     4 |     5 |     9 |    15 |     3 ||    36
         Potion            |     1 |     5 |     3 |     8 |     1 ||    18
   Stab: Invisible         |       |       |     3 |       |       ||     3
 Armour: Robe              |    47 |    27 |       |       |       ||    74
         Chain mail        |       |   176 |   233 |   272 |    53 ||   734
  Dodge: Dodged            |    46 |    65 |    85 |    72 |    18 ||   286
  Block: Kite shield       |    12 |   111 |   137 |   284 |    73 ||   617

Table legend: (Time is in decaauts)
 A = Elapsed time spent in this place.
 B = Non-inter-level travel time spent in this place.
 C = Inter-level travel time spent in this place.
 D = Time resting spent in this place.
 E = Time spent auto-exploring this place.
 F = Levels seen in this place.
 G = Mean time per level.
                   A        B        C        D        E       F      G
               +--------+--------+--------+--------+--------+-----+--------+
         Total |  16860 |  16241 |    619 |   1455 |  11946 |  20 |  843.0 |
       Dungeon |  16060 |  15455 |    605 |   1360 |  11468 |  15 | 1070.7 |
        Temple |     10 |      5 |      5 |      0 |      0 |   1 |   10.0 |
  Orcish Mines |    407 |    398 |      9 |      0 |    297 |   2 |  203.5 |
         Abyss |     63 |     63 |      0 |      0 |     31 |   1 |   63.0 |
         Sewer |    318 |    318 |      0 |     95 |    150 |   1 |  318.0 |
               +--------+--------+--------+--------+--------+-----+--------+

Top non-repeatable levels by time:
    D:14: 1943 daAuts
     D:5: 1593 daAuts
    D:10: 1341 daAuts
     D:1: 1316 daAuts
     D:9: 1217 daAuts
    D:12: 1060 daAuts
     D:8: 999 daAuts
    D:13: 995 daAuts
     D:2: 986 daAuts
    D:11: 970 daAuts
     D:3: 961 daAuts
     D:4: 957 daAuts
     D:6: 771 daAuts
     D:7: 765 daAuts
   Sewer: 318 daAuts
